[Event "FIDE Womens World Cup 2021"]
[Site "Sochi"]
[Date "2021.07.13"]
[Round "1.2"]
[White "Schneider, Jana"]
[Black "Aulia, Medina Warda"]
[Result "0-1"]
[ECO "C70"]
[WhiteElo "2353"]
[BlackElo "2360"]
[Annotator "NA"]
[PlyCount "88"]
[EventDate "2021.07.12"]
[EventType "k.o."]
[EventCountry "RUS"]
[SourceTitle "playchess.com"]
[Source "ChessBase"]
[SourceQuality "1"]
[TimeControl "40/5400+30:1800+30"]

1. e4 e5 2. Nf3 Nc6 3. Bb5 a6 4. Ba4 b5 5. Bb3 Na5 6. O-O d6 7. d4 exd4 8. Nxd4 c5 9. Bd5 Ra7 10. b4 cxd4 11. Qxd4 Rc7 12. bxa5 Be7 13. Qb6 Nf6 14. Bc6+ Nd7 15. a4 O-O 16. Bxd7 Bxd7 17. Qxa6 bxa4 18. Be3 Bf6 19. Ra2 Rc6 20. Qb7 Rc7 21. Qb4 Qc8 22. Qxd6 Bb5 23. Rc1 Re8 24. f3 Be7 25. Qb6 Rb7 26. Qd4 Rd8 27. Qe5 Qc4 28. Bb6 Bf6 29. Qg3 Rxb6 30. axb6 Qxa2 31. b7 Qb2 32. Re1 Bc6 33. e5 Be7 34. e6 Qxb7 35. exf7+ Kxf7 36. Qh3 h6 37. Qe6+ Kf8 38. Qf5+ Bf6 39. Nc3 Qb4 40. Re3 Qd4 41. Kf2 a3 42. Ne2 Qh4+ 43. Ng3 a2 44. Re1 Qd4+ 0-1

[Event "FIDE Womens World Cup 2021"]
[Site "Sochi"]
[Date "2021.07.13"]
[Round "1.2"]
[White "Lujan, Carolina"]
[Black "Tokhirjonova, Gulrukhbegim"]
[Result "1/2-1/2"]
[ECO "C55"]
[WhiteElo "2346"]
[BlackElo "2320"]
[Annotator "NA"]
[PlyCount "86"]
[EventDate "2021.07.12"]
[EventType "k.o."]
[EventCountry "RUS"]
[SourceTitle "playchess.com"]
[Source "ChessBase"]
[SourceQuality "1"]
[TimeControl "40/5400+30:1800+30"]

1. e4 e5 2. Nf3 Nc6 3. Bc4 Nf6 4. d3 h6 5. c3 d6 6. O-O g5 7. Nbd2 Bg7 8. b4 O-O 9. a4 d5 10. Ba2 dxe4 11. dxe4 g4 12. Nh4 Nxe4 13. Nxe4 Qxh4 14. b5 Nd8 15. Ba3 Re8 16. f3 Kh8 17. g3 Qh5 18. Be7 Be6 19. Nf6 Bxf6 20. Bxf6+ Kg8 21. Bb1 gxf3 22. Qd3 Qg6 23. Qxf3 Bg4 24. Qe3 e4 25. Ra2 Bh3 26. Rff2 Ne6 27. Rae2 Ng5 28. Re1 Re6 29. Bd4 Rae8 30. Ba2 Nf3+ 31. Rxf3 exf3 32. Bxe6 Rxe6 33. Qf2 Qd3 34. Be3 Qxc3 35. Bd2 Qd3 36. Be3 Qe4 37. a5 a6 38. bxa6 bxa6 39. Qd2 Rd6 40. Qf2 Re6 41. Qd2 Rd6 42. Qf2 Re6 43. Qd2 Qf4 1/2-1/2

[Event "FIDE Womens World Cup 2021"]
[Site "Sochi"]
[Date "2021.07.13"]
[Round "1.2"]
[White "Belenkaya, Dina"]
[Black "Injac, Teodora"]
[Result "0-1"]
[ECO "C45"]
[WhiteElo "2341"]
[BlackElo "2370"]
[Annotator "NA"]
[PlyCount "124"]
[EventDate "2021.07.12"]
[EventType "k.o."]
[EventCountry "RUS"]
[SourceTitle "playchess.com"]
[Source "ChessBase"]
[SourceQuality "1"]
[TimeControl "40/5400+30:1800+30"]

1. e4 e5 2. Nf3 Nc6 3. d4 exd4 4. Nxd4 Bc5 5. Nb3 Bb6 6. Qe2 a5 7. a4 d6 8. Nc3 Nb4 9. Nb5 Nf6 10. c3 Nc6 11. Bg5 h6 12. Bh4 Qe7 13. f3 Be6 14. N3d4 Nxd4 15. Nxd4 Bxd4 16. cxd4 d5 17. e5 Qb4+ 18. Qd2 Qxd2+ 19. Kxd2 g5 20. exf6 gxh4 21. g4 hxg3 22. hxg3 Kd7 23. g4 Rag8 24. Bd3 h5 25. Rag1 hxg4 26. Bh7 Rc8 27. f4 Kd6 28. f5 Bd7 29. Rxg4 Rxh7 30. Rxh7 Bxf5 31. Rgg7 Bxh7 32. Rxh7 Ke6 33. Rh2 Kxf6 34. Rf2+ Ke6 35. Re2+ Kd6 36. Rf2 Rf8 37. Rf6+ Ke7 38. Rf5 c6 39. Ke3 Rh8 40. Rf3 Rh2 41. b3 Rb2 42. Kf4 Re2 43. Kf5 Re4 44. Rd3 Kd6 45. Kf6 Rf4+ 46. Kg5 Rf1 47. Kg4 c5 48. dxc5+ Kxc5 49. Rc3+ Kb4 50. Rc7 Kxb3 51. Rxb7+ Kxa4 52. Rd7 Kb3 53. Rxd5 a4 54. Rd3+ Kb2 55. Rd2+ Kc3 56. Re2 a3 57. Re3+ Kb2 58. Re2+ Kb1 59. Re7 a2 60. Rb7+ Kc2 61. Rc7+ Kb3 62. Rb7+ Kc4 0-1

[Event "FIDE Womens World Cup 2021"]
[Site "Sochi"]
[Date "2021.07.13"]
[Round "1.2"]
[White "Radeva, Viktoria"]
[Black "Abrahamyan, Tatev"]
[Result "0-1"]
[ECO "C02"]
[WhiteElo "2335"]
[BlackElo "2352"]
[Annotator "NA"]
[PlyCount "94"]
[EventDate "2021.07.12"]
[EventType "k.o."]
[EventCountry "RUS"]
[SourceTitle "playchess.com"]
[Source "ChessBase"]
[SourceQuality "1"]
[TimeControl "40/5400+30:1800+30"]

1. e4 e6 2. d4 d5 3. e5 c5 4. c3 Nc6 5. Nf3 Qb6 6. a3 Nh6 7. b4 cxd4 8. Bxh6 gxh6 9. cxd4 Bd7 10. Be2 Rc8 11. O-O Bg7 12. Qd3 O-O 13. Nbd2 f6 14. exf6 Rxf6 15. b5 Ne7 16. Ne5 Be8 17. Nb3 Ng6 18. Ng4 Rf8 19. g3 h5 20. Ne3 h4 21. a4 Qd6 22. Rac1 Bf7 23. Bg4 b6 24. Rc3 Rxc3 25. Qxc3 Ne7 26. Ng2 hxg3 27. hxg3 e5 28. dxe5 Bxe5 29. Qd3 Bg6 30. Qd2 d4 31. Nc1 d3 32. Re1 Qc5 33. Nxd3 Bxd3 34. Qxd3 Qxf2+ 35. Kh2 Qf6 36. Qc4+ Kh8 37. Qe4 Ng6 38. Re3 Qg5 39. Bh3 Kg7 40. Rd3 Rf7 41. Re3 h5 42. Be6 Re7 43. Qd5 h4 44. Qd8 hxg3+ 45. Kg1 Qf6 46. Qg8+ Kh6 47. Rxe5 Qf2+ 0-1

[Event "FIDE Womens World Cup 2021"]
[Site "Sochi"]
[Date "2021.07.13"]
[Round "1.2"]
[White "Yu, Jennifer"]
[Black "Kulon, Klaudia"]
[Result "1/2-1/2"]
[ECO "A52"]
[WhiteElo "2289"]
[BlackElo "2363"]
[Annotator "NA"]
[PlyCount "120"]
[EventDate "2021.07.12"]
[EventType "k.o."]
[EventCountry "RUS"]
[SourceTitle "playchess.com"]
[Source "ChessBase"]
[SourceQuality "1"]
[TimeControl "40/5400+30:1800+30"]

1. d4 Nf6 2. c4 e5 3. dxe5 Ng4 4. Bf4 Nc6 5. Nf3 Bb4+ 6. Nbd2 Qe7 7. a3 Ngxe5 8. Nxe5 Nxe5 9. e3 Bc5 10. Be2 d6 11. Qc2 a5 12. Nb3 Bb6 13. O-O-O O-O 14. Nd4 Qf6 15. h4 Bxd4 16. Rxd4 Bf5 17. Bg5 Bxc2 18. Bxf6 Bf5 19. Bxe5 dxe5 20. Rd5 f6 21. Rhd1 Be6 22. R5d2 Kf7 23. f4 exf4 24. exf4 Ke7 25. Bf3 c6 26. Re1 Kf7 27. Rd6 Rfe8 28. c5 a4 29. Kd2 Ra5 30. Bd1 Rb5 31. Bxa4 Rxb2+ 32. Kc1 Rb1+ 33. Kxb1 Bf5+ 34. Kb2 Rxe1 35. Bd1 Be6 36. Rd4 Rh1 37. h5 Bd5 38. g4 f5 39. gxf5 Kf6 40. a4 Kxf5 41. Bc2+ Kf6 42. Bxh7 Rxh5 43. Bc2 Be6 44. Rb4 Bc8 45. Rc4 Be6 46. Rb4 Bc8 47. Rc4 Rh3 48. Rd4 Ke7 49. Re4+ Kd8 50. Re5 Rh4 51. Rg5 Rxf4 52. Rxg7 Rc4 53. Rg5 Be6 54. Bb3 Rb4 55. Rg3 Ke7 56. Ka3 Rxb3+ 57. Rxb3 Bxb3 58. Kxb3 Ke6 59. Kb4 Kd5 60. Ka5 Kxc5 1/2-1/2

[Event "FIDE Womens World Cup 2021"]
[Site "Sochi"]
[Date "2021.07.13"]
[Round "1.2"]
[White "Munkhzul, Turmunkh"]
[Black "Brunello, Marina"]
[Result "1-0"]
[ECO "B92"]
[WhiteElo "2278"]
[BlackElo "2379"]
[Annotator "NA"]
[PlyCount "85"]
[EventDate "2021.07.12"]
[EventType "k.o."]
[EventCountry "RUS"]
[SourceTitle "playchess.com"]
[Source "ChessBase"]
[SourceQuality "1"]
[TimeControl "40/5400+30:1800+30"]

1. e4 c5 2. Nf3 d6 3. d4 cxd4 4. Nxd4 Nf6 5. Nc3 a6 6. Be2 e5 7. Nf3 Be7 8. Bg5 Nbd7 9. a4 O-O 10. O-O h6 11. Be3 Qc7 12. Nd2 Nc5 13. Bf3 Be6 14. Qe2 Rfc8 15. Rfd1 Qc6 16. h3 Rab8 17. a5 Ncd7 18. Nf1 Bc4 19. Qe1 b5 20. axb6 Nxb6 21. Ng3 Bf8 22. b3 Be6 23. Rxa6 Qxc3 24. Qxc3 Rxc3 25. Rxb6 Rxb6 26. Bxb6 Rxc2 27. b4 g6 28. Ba5 Bd7 29. Nf1 Bc6 30. Ne3 Ra2 31. Bd8 Nxe4 32. Rc1 Ba8 33. Rc8 Kg7 34. Ba5 Ra1+ 35. Kh2 Nxf2 36. Bxa8 h5 37. g3 Re1 38. Nc2 Re2 39. Bf3 Rd2 40. b5 Rd3 41. Rc3 Rd2 42. Rc7 Rd3 43. Be2 1-0

[Event "FIDE Womens World Cup 2021"]
[Site "Sochi"]
[Date "2021.07.13"]
[Round "1.2"]
[White "Yakubbaeva, Nilufar"]
[Black "Cori T., Deysi"]
[Result "0-1"]
[ECO "C05"]
[WhiteElo "2273"]
[BlackElo "2388"]
[Annotator "NA"]
[PlyCount "86"]
[EventDate "2021.07.12"]
[EventType "k.o."]
[EventCountry "RUS"]
[SourceTitle "playchess.com"]
[Source "ChessBase"]
[SourceQuality "1"]
[TimeControl "40/5400+30:1800+30"]

1. e4 e6 2. d4 d5 3. Nd2 Nf6 4. e5 Nfd7 5. Bd3 c5 6. c3 b6 7. Ne2 Ba6 8. Bb1 Nc6 9. Nf3 cxd4 10. cxd4 Bb4+ 11. Bd2 Qe7 12. Nc3 Rc8 13. a3 Bxc3 14. Bxc3 O-O 15. Bd3 Bxd3 16. Qxd3 f6 17. O-O fxe5 18. Nxe5 Ndxe5 19. dxe5 Rf5 20. Rac1 Rcf8 21. Qe3 Qh4 22. g3 Qg4 23. f4 g5 24. Kh1 R8f7 25. Bd2 Ne7 26. Qf3 Qxf3+ 27. Rxf3 gxf4 28. gxf4 Ng6 29. Rc6 Re7 30. Rg3 Kf7 31. Rc8 Rd7 32. Kg2 d4 33. Rh3 h5 34. Rd3 Rxf4 35. Bb4 Rg4+ 36. Kf2 Nxe5 37. Rh3 h4 38. Rf8+ Kg7 39. Re8 Rf7+ 40. Ke2 a5 41. Bd6 Re4+ 42. Kd1 Nc4 43. Be7 Rf2 0-1

[Event "FIDE Womens World Cup 2021"]
[Site "Sochi"]
[Date "2021.07.13"]
[Round "1.2"]
[White "Ouellet, Maili-Jade"]
[Black "Maltsevskaya, Aleksandra"]
[Result "1/2-1/2"]
[ECO "D11"]
[WhiteElo "2257"]
[BlackElo "2382"]
[Annotator "NA"]
[PlyCount "106"]
[EventDate "2021.07.12"]
[EventType "k.o."]
[EventCountry "RUS"]
[SourceTitle "playchess.com"]
[Source "ChessBase"]
[SourceQuality "1"]
[TimeControl "40/5400+30:1800+30"]

1. d4 d5 2. c4 c6 3. Nf3 Nf6 4. e3 e6 5. Bd3 Nbd7 6. b3 b6 7. O-O Bb7 8. Bb2 dxc4 9. bxc4 c5 10. Nbd2 cxd4 11. exd4 Be7 12. Qe2 O-O 13. Rac1 Re8 14. Rfd1 Qc7 15. Nf1 Bf8 16. Ng3 Rad8 17. Ne5 Nxe5 18. dxe5 Nd7 19. Bb1 g6 20. Be4 Ba6 21. f4 Nc5 22. Bd4 Rd7 23. Be3 Rxd1+ 24. Rxd1 Rd8 25. Rxd8 Qxd8 26. Bc2 f5 27. exf6 Qxf6 28. Ne4 Nxe4 29. Bxe4 Bc5 30. Bd3 Kf7 31. Bxc5 bxc5 32. g3 Qd4+ 33. Kf1 Bb7 34. Ke1 Bc6 35. Bc2 Kf6 36. Bd3 Qg1+ 37. Kd2 Qa1 38. Bc2 Qd4+ 39. Ke1 Qg1+ 40. Kd2 Qd4+ 41. Kc1 Qa1+ 42. Bb1 Qc3+ 43. Bc2 Qa1+ 44. Kd2 Qd4+ 45. Qd3 e5 46. Qxd4 exd4 47. Ke2 Bd7 48. Be4 Be6 49. Bd3 Bf5 50. Bxf5 gxf5 51. Kd3 h5 52. h4 Ke6 53. Kc2 Kd6 1/2-1/2

[Event "FIDE Womens World Cup 2021"]
[Site "Sochi"]
[Date "2021.07.13"]
[Round "1.2"]
[White "Fataliyeva, Ulviyya"]
[Black "Padmini, Rout"]
[Result "0-1"]
[ECO "A45"]
[WhiteElo "2253"]
[BlackElo "2370"]
[Annotator "NA"]
[PlyCount "76"]
[EventDate "2021.07.12"]
[EventType "k.o."]
[EventCountry "RUS"]
[SourceTitle "playchess.com"]
[Source "ChessBase"]
[SourceQuality "1"]
[TimeControl "40/5400+30:1800+30"]

1. d4 Nf6 2. Bg5 d5 3. Bxf6 exf6 4. e3 c6 5. Nd2 Bd6 6. Bd3 f5 7. Ne2 g6 8. b3 Nd7 9. c4 dxc4 10. bxc4 c5 11. d5 O-O 12. Rb1 Qe7 13. Nf3 Nf6 14. O-O Ne4 15. Qc2 Re8 16. Ng3 h5 17. Nd2 Nxg3 18. hxg3 h4 19. gxh4 Qxh4 20. Nf3 Qh5 21. Rfe1 b6 22. Kf1 f4 23. e4 Bg4 24. Ng1 Bd7 25. a4 Rab8 26. Qd2 a5 27. Bc2 Qh8 28. Rb3 Bxa4 29. Rxb6 Rxb6 30. Bxa4 Rb2 31. Qxa5 Qh4 32. Nh3 f3 33. Qc3 fxg2+ 34. Kg1 Rxe4 35. Bd7 Rxe1+ 36. Qxe1 Qxc4 37. Kxg2 Qxd5+ 38. Kg1 Qe5 0-1

[Event "FIDE Womens World Cup 2021"]
[Site "Sochi"]
[Date "2021.07.13"]
[Round "1.2"]
[White "Zhou, Qiyu"]
[Black "Vaishali R"]
[Result "0-1"]
[ECO "B24"]
[WhiteElo "2229"]
[BlackElo "2393"]
[Annotator "NA"]
[PlyCount "64"]
[EventDate "2021.07.12"]
[EventType "k.o."]
[EventCountry "RUS"]
[SourceTitle "playchess.com"]
[Source "ChessBase"]
[SourceQuality "1"]
[TimeControl "40/5400+30:1800+30"]

1. e4 c5 2. Nc3 Nc6 3. Bb5 Nd4 4. Nf3 e6 5. O-O a6 6. Bd3 Nc6 7. b3 d6 8. Bb2 Nf6 9. Re1 Be7 10. e5 dxe5 11. Nxe5 Nxe5 12. Rxe5 Bd7 13. Qe2 Qc7 14. Rg5 Rg8 15. h3 h6 16. Rg3 g5 17. Ne4 Nd5 18. Qh5 Rg6 19. Re1 O-O-O 20. Nc3 Nf4 21. Qd1 Rgg8 22. Ne2 Bd6 23. Re3 Nd5 24. Rf3 f5 25. Nc3 Nf4 26. Ne2 e5 27. Nxf4 gxf4 28. Bc4 e4 29. Bxg8 Rxg8 30. Rc3 f3 31. Rxf3 exf3 32. Qxf3 f4 0-1

[Event "FIDE Womens World Cup 2021"]
[Site "Sochi"]
[Date "2021.07.13"]
[Round "1.2"]
[White "Aliaga Fernandez, Ingrid Y"]
[Black "Salimova, Nurgyul"]
[Result "1/2-1/2"]
[ECO "C45"]
[WhiteElo "2191"]
[BlackElo "2395"]
[Annotator "NA"]
[PlyCount "214"]
[EventDate "2021.07.12"]
[EventType "k.o."]
[EventCountry "RUS"]
[SourceTitle "playchess.com"]
[Source "ChessBase"]
[SourceQuality "1"]
[TimeControl "40/5400+30:1800+30"]

1. e4 e5 2. Nf3 Nc6 3. d4 exd4 4. Nxd4 Nf6 5. Nxc6 bxc6 6. e5 Qe7 7. Qe2 Nd5 8. c4 Ba6 9. b3 g6 10. Bb2 Bg7 11. Nd2 Nb4 12. Nf3 c5 13. g3 O-O 14. Bg2 d5 15. O-O dxc4 16. bxc4 Rad8 17. Rfd1 Qe6 18. Bf1 Bb7 19. a3 Bxf3 20. Qxf3 Nc2 21. Rac1 Nd4 22. Bxd4 cxd4 23. Qb7 Qxe5 24. Qxa7 Ra8 25. Qb7 Rxa3 26. Rb1 Ra2 27. Qb3 Ra5 28. Bg2 Qf6 29. Rd3 Rf5 30. Rf3 Re8 31. Qd3 Rxf3 32. Qxf3 Qe7 33. h4 Rd8 34. Rd1 h5 35. Qe4 Qb4 36. Bf1 Qa4 37. Rb1 Qd7 38. Bd3 Re8 39. Qf3 Qd6 40. Kg2 Bh6 41. Rb5 Bg7 42. Rb1 Re6 43. Rb8+ Bf8 44. Rb5 c6 45. Rb7 Be7 46. Rb6 Qc5 47. Rb7 Kg7 48. Rc7 Qd6 49. Rb7 Qe5 50. Rb6 Rf6 51. Qe4 Qc7 52. Rb2 Re6 53. Qf3 Qa5 54. Re2 Rxe2 55. Qxe2 Qa3 56. Qe4 Qc5 57. Qf3 Bf6 58. Qe4 Qd6 59. Qf3 c5 60. Qe4 Qb6 61. Qf3 Qb2 62. Qe4 Qd2 63. Qf3 Bd8 64. Qe4 Bc7 65. Be2 Bd8 66. Bd3 Bf6 67. Be2 Qb2 68. Bd3 Qb8 69. Kf3 Qc8 70. Kg2 Kf8 71. Qd5 Qc7 72. Qe4 Qd8 73. Kf3 Qd7 74. Kg2 Kg8 75. Qa8+ Kg7 76. Qe4 Qd6 77. Kf3 Bd8 78. Kg2 Qf6 79. Qd5 Qe7 80. Qe4 Qd6 81. Qf3 Ba5 82. Qe4 Bd2 83. Qe2 Bh6 84. Qe4 Qb8 85. Qe2 Kg8 86. Qe4 Qb2 87. Qe2 Qxe2 88. Bxe2 Bd2 89. Bd3 Kg7 90. Kf3 f6 91. Bf1 g5 92. Bd3 Kf7 93. Bf5 Ba5 94. Ke2 Bc7 95. Kf3 Ba5 96. Ke2 Bb6 97. Kd3 Bd8 98. Ke2 gxh4 99. gxh4 Ke7 100. Bg6 Ke6 101. Bxh5 f5 102. Bf3 Bxh4 103. Bd5+ Ke5 104. f3 Kf4 105. Kd3 Kg3 106. Bc6 Kf2 107. Bd5 Ke1 1/2-1/2

[Event "FIDE Womens World Cup 2021"]
[Site "Sochi"]
[Date "2021.07.13"]
[Round "1.2"]
[White "Alboredo, Julia"]
[Black "Zawadzka, Jolanta"]
[Result "1/2-1/2"]
[ECO "E10"]
[WhiteElo "2182"]
[BlackElo "2403"]
[Annotator "NA"]
[PlyCount "98"]
[EventDate "2021.07.12"]
[EventType "k.o."]
[EventCountry "RUS"]
[SourceTitle "playchess.com"]
[Source "ChessBase"]
[SourceQuality "1"]
[TimeControl "40/5400+30:1800+30"]

1. d4 Nf6 2. c4 e6 3. Nf3 d5 4. cxd5 exd5 5. Nc3 Bb4 6. Bg5 h6 7. Bxf6 Qxf6 8. Qb3 Qb6 9. e3 O-O 10. Bd3 Be6 11. O-O Bxc3 12. Qxc3 Nd7 13. b4 Qd6 14. Rfc1 Rac8 15. Nd2 Rfe8 16. Nb3 Re7 17. Rab1 c6 18. b5 Nb8 19. Qc5 Qxc5 20. Nxc5 b6 21. Nxe6 fxe6 22. bxc6 Rec7 23. Bb5 Kf7 24. f3 Ke7 25. Kf2 a6 26. Bd3 Rxc6 27. Rxc6 Rxc6 28. e4 Nd7 29. a4 dxe4 30. fxe4 e5 31. dxe5 Nc5 32. Ke3 Ke6 33. Kd4 Nxd3 34. Kxd3 Kxe5 35. Rf1 Rf6 36. Rb1 Rd6+ 37. Ke3 Rd4 38. Rxb6 Rxe4+ 39. Kf3 Rxa4 40. Rg6 Rf4+ 41. Kg3 Rf7 42. Rxa6 Re7 43. Kg4 Re6 44. Ra2 Kf6 45. h4 Re4+ 46. Kh3 g5 47. Ra6+ Kg7 48. hxg5 hxg5 49. Kg3 Rb4 1/2-1/2

[Event "FIDE Womens World Cup 2021"]
[Site "Sochi"]
[Date "2021.07.13"]
[Round "1.2"]
[White "Frayna, Janelle Mae"]
[Black "Hoang, Thanh Trang"]
[Result "1-0"]
[ECO "A40"]
[WhiteElo "2179"]
[BlackElo "2404"]
[Annotator "NA"]
[PlyCount "81"]
[EventDate "2021.07.12"]
[EventType "k.o."]
[EventCountry "RUS"]
[SourceTitle "playchess.com"]
[Source "ChessBase"]
[SourceQuality "1"]
[TimeControl "40/5400+30:1800+30"]

1. d4 e6 2. c4 f5 3. Nf3 Nf6 4. g3 c6 5. Bg2 d5 6. O-O Bd6 7. b3 Qe7 8. Ne5 O-O 9. Qc2 a5 10. Nd2 b6 11. Ndf3 Ne4 12. Nd3 Bb7 13. Bf4 Nd7 14. Nfe5 Rac8 15. Nxd7 Qxd7 16. Bxd6 Qxd6 17. c5 bxc5 18. Bxe4 fxe4 19. Qxc5 Qc7 20. Ne5 a4 21. f4 Ra8 22. b4 Rfc8 23. Rfc1 Qd8 24. a3 h6 25. Ra2 Ra6 26. Qc2 Qd6 27. e3 Qd8 28. Qd1 Qe8 29. Rc5 Rca8 30. Rac2 Rb6 31. Rc1 Raa6 32. g4 Qe7 33. R1c2 Qh4 34. Rg2 Ra8 35. g5 hxg5 36. Rxg5 Rb5 37. Rc2 Ra7 38. Rcg2 Ba6 39. Ng6 Qh3 40. R2g3 Qh6 41. Rh5 1-0

[Event "FIDE Womens World Cup 2021"]
[Site "Sochi"]
[Date "2021.07.13"]
[Round "1.2"]
[White "Wafa, Shahenda"]
[Black "Skripchenko, Almira"]
[Result "1/2-1/2"]
[ECO "B12"]
[WhiteElo "2106"]
[BlackElo "2411"]
[Annotator "NA"]
[PlyCount "132"]
[EventDate "2021.07.12"]
[EventType "k.o."]
[EventCountry "RUS"]
[SourceTitle "playchess.com"]
[Source "ChessBase"]
[SourceQuality "1"]
[TimeControl "40/5400+30:1800+30"]

1. e4 c6 2. d4 d5 3. e5 c5 4. c3 Nc6 5. Bb5 Qb6 6. Bxc6+ Qxc6 7. dxc5 Qg6 8. Qxd5 Bd7 9. e6 Qxe6+ 10. Qxe6 Bxe6 11. Ne2 Bd5 12. O-O e5 13. b4 a5 14. a3 Nf6 15. Bb2 Bc4 16. Re1 O-O-O 17. Ng3 h5 18. Nf1 h4 19. Nbd2 Bd3 20. Rxe5 h3 21. g3 Ng4 22. Ree1 f6 23. c4 Rh5 24. Ne3 Nxe3 25. Rxe3 Rf5 26. Rae1 axb4 27. axb4 b6 28. Re8 bxc5 29. Rxd8+ Kxd8 30. Re3 Bc2 31. b5 Bd6 32. f4 Rh5 33. Ne4 Bxe4 34. Rxe4 Kd7 35. Kf2 Rh8 36. Kf3 Ra8 37. Re2 Be7 38. Rd2+ Ke6 39. Re2+ Kd7 40. Kg4 Rh8 41. Bc1 g6 42. Ra2 f5+ 43. Kf3 Ke6 44. Be3 Rc8 45. Ra6+ Bd6 46. g4 fxg4+ 47. Kxg4 Kd7 48. Ra7+ Ke6 49. Kxh3 Kf5 50. Ra6 Rd8 51. Rc6 Ke4 52. Bf2 Kf3 53. Bh4 Rd7 54. b6 Bxf4 55. Rxg6 Rh7 56. Rf6 Ke4 57. Rg6 Kf3 58. Rg1 Bxh2 59. Rf1+ Ke4 60. Kxh2 Rxh4+ 61. Kg3 Rh8 62. Rd1 Rb8 63. Rd6 Ke5 64. Rd5+ Ke4 65. Rd6 Ke5 66. Rd5+ Ke4 1/2-1/2

[Event "FIDE Womens World Cup 2021"]
[Site "Sochi"]
[Date "2021.07.13"]
[Round "1.2"]
[White "Demchenko, Svitlana"]
[Black "Cyfka, Karina"]
[Result "1/2-1/2"]
[ECO "C42"]
[WhiteElo "2089"]
[BlackElo "2417"]
[Annotator "NA"]
[PlyCount "138"]
[EventDate "2021.07.12"]
[EventType "k.o."]
[EventCountry "RUS"]
[SourceTitle "playchess.com"]
[Source "ChessBase"]
[SourceQuality "1"]
[TimeControl "40/5400+30:1800+30"]

1. e4 e5 2. Nf3 Nf6 3. Nxe5 d6 4. Nf3 Nxe4 5. Nc3 Nxc3 6. dxc3 Be7 7. Bf4 O-O 8. Qd2 Nd7 9. Bc4 Nf6 10. O-O-O Bg4 11. Qd3 Qd7 12. h3 Bf5 13. Qf1 d5 14. Bb5 c6 15. Bd3 c5 16. Kb1 c4 17. Bxc4 Qa4 18. Nd4 Bxc2+ 19. Nxc2 dxc4 20. Qe2 Rfe8 21. Qf3 Qb5 22. Rhe1 Bf8 23. Nd4 Qd5 24. Qxd5 Nxd5 25. Bg3 Bc5 26. Nf5 Nf6 27. f3 Rxe1 28. Rxe1 Re8 29. Rxe8+ Nxe8 30. Bf4 f6 31. a4 Kf7 32. Kc2 Ke6 33. Ng3 f5 34. b3 Bd6 35. Ne2 Bxf4 36. Nxf4+ Ke5 37. g3 g5 38. Ne2 Nd6 39. Nd4 h5 40. a5 g4 41. hxg4 fxg4 42. bxc4 Nxc4 43. a6 bxa6 44. Kd3 Kd5 45. fxg4 hxg4 46. Nf5 a5 47. Ne7+ Kc5 48. Kc2 a4 49. Nf5 Kd5 50. Nh6 Ne3+ 51. Kb2 Kc4 52. Ka3 Kb5 53. Nf7 a6 54. Nd6+ Kc5 55. Nf7 Kb5 56. Nd6+ Ka5 57. Nb7+ Kb6 58. Nd6 Nd1 59. Kxa4 Nxc3+ 60. Kb3 Ne2 61. Nc4+ Kb5 62. Ne5 Nxg3 63. Nxg4 Ne4 64. Ne3 a5 65. Nc2 Nd2+ 66. Ka2 Ka4 67. Nd4 Ne4 68. Nc6 Kb5 69. Nxa5 Kxa5 1/2-1/2

[Event "FIDE Womens World Cup 2021"]
[Site "Sochi"]
[Date "2021.07.13"]
[Round "1.2"]
[White "Latreche, Sabrina"]
[Black "Buksa, Nataliya"]
[Result "1-0"]
[ECO "B49"]
[WhiteElo "2076"]
[BlackElo "2413"]
[Annotator "NA"]
[PlyCount "132"]
[EventDate "2021.07.12"]
[EventType "k.o."]
[EventCountry "RUS"]
[SourceTitle "playchess.com"]
[Source "ChessBase"]
[SourceQuality "1"]
[TimeControl "40/5400+30:1800+30"]

1. e4 c5 2. Nf3 e6 3. d4 cxd4 4. Nxd4 Nc6 5. Nc3 Qc7 6. Be3 a6 7. Be2 Nf6 8. O-O Be7 9. Nb3 b5 10. f3 d6 11. a3 Bb7 12. f4 Rd8 13. Qe1 O-O 14. Qf2 Nd7 15. Rad1 Na5 16. Nxa5 Qxa5 17. f5 b4 18. axb4 Qxb4 19. Rd4 Qxb2 20. Rb1 Qxc3 21. Rc4 Qf6 22. Rxb7 Nc5 23. e5 Qxe5 24. Bxc5 dxc5 25. Rxe7 Rd5 26. f6 Rd2 27. fxg7 Kxg7 28. Rg4+ Kh8 29. Rxf7 Qa1+ 30. Qf1 Qxf1+ 31. Rxf1 Rxf1+ 32. Kxf1 Rxc2 33. Bxa6 Rd2 34. Bc4 Rd6 35. Re4 Kg7 36. Rxe6 Rd4 37. Be2 Rd5 38. Rc6 Rf5+ 39. Bf3 Re5 40. Kf2 Kf7 41. Kg3 Kg7 42. Kf4 Re7 43. Rxc5 Rf7+ 44. Ke5 Kg6 45. Bh5+ Kxh5 46. Ke6+ Kg6 47. Rg5+ Kxg5 48. Kxf7 h5 49. Ke6 Kg4 50. Ke5 Kh4 51. Ke4 Kg4 52. Ke3 Kf5 53. Kf3 Ke5 54. h3 Kf5 55. g3 Ke5 56. Ke3 Kf5 57. Kd4 h4 58. g4+ Kf4 59. Kd5 Kg3 60. g5 Kxh3 61. g6 Kg2 62. g7 h3 63. g8=Q+ Kh1 64. Ke4 h2 65. Qa2 Kg1 66. Ke3 Kh1 1-0

[Event "FIDE Womens World Cup 2021"]
[Site "Sochi"]
[Date "2021.07.13"]
[Round "1.2"]
[White "Omonova, Umida"]
[Black "Munguntuul, Batkhuyag"]
[Result "0-1"]
[ECO "B15"]
[WhiteElo "2035"]
[BlackElo "2428"]
[Annotator "NA"]
[PlyCount "114"]
[EventDate "2021.07.12"]
[EventType "k.o."]
[EventCountry "RUS"]
[SourceTitle "playchess.com"]
[Source "ChessBase"]
[SourceQuality "1"]
[TimeControl "40/5400+30:1800+30"]

1. e4 c6 2. d4 d5 3. Nd2 dxe4 4. Nxe4 Nf6 5. Nxf6+ exf6 6. c3 Bd6 7. Bd3 O-O 8. Qc2 Re8+ 9. Ne2 h5 10. Be3 Nd7 11. Ng3 Nb6 12. Nxh5 f5 13. O-O-O Qh4 14. Be2 Nd5 15. g3 Qe7 16. Qd2 g6 17. Nf4 Nxe3 18. fxe3 Qxe3 19. Rde1 Bd7 20. Bd3 Qxd2+ 21. Kxd2 Kg7 22. h4 Rxe1 23. Kxe1 c5 24. Kf2 cxd4 25. cxd4 Rd8 26. Bc4 Bc6 27. d5 Bd7 28. Re1 Kf6 29. Nd3 Rc8 30. Bb3 Bb5 31. Nf4 Be5 32. Kf3 Bxb2 33. d6 Re8 34. Rb1 Ba3 35. Bxf7 Bc6+ 36. Bd5 Bxd6 37. Bxc6 bxc6 38. Ne2 Bc5 39. Rb3 Bb6 40. Rc3 Re6 41. Rd3 c5 42. Nf4 c4 43. Rd1 Rc6 44. Nd5+ Kf7 45. Nb4 Rc7 46. Rc1 Ba5 47. Nd5 Rc5 48. Ne3 Bd2 49. Rb1 Rc7 50. Nc2 Rd7 51. Rb8 Ba5 52. Ne3 Rd3 53. Ke2 Rd2+ 54. Kf3 Bb6 55. Rxb6 axb6 56. Nxc4 Rd3+ 57. Kf2 Ke6 0-1

[Event "FIDE Womens World Cup 2021"]
[Site "Sochi"]
[Date "2021.07.13"]
[Round "1.2"]
[White "Ortiz Verdezoto, Anahi"]
[Black "Atalik, Ekaterina"]
[Result "0-1"]
[ECO "D35"]
[WhiteElo "2013"]
[BlackElo "2433"]
[Annotator "NA"]
[PlyCount "86"]
[EventDate "2021.07.12"]
[EventType "k.o."]
[EventCountry "RUS"]
[SourceTitle "playchess.com"]
[Source "ChessBase"]
[SourceQuality "1"]
[TimeControl "40/5400+30:1800+30"]

1. d4 d5 2. c4 e6 3. Nc3 Nf6 4. cxd5 exd5 5. Bg5 c6 6. e3 Nbd7 7. Bd3 Be7 8. Qc2 Nh5 9. Bxe7 Qxe7 10. Nge2 g6 11. Rb1 Nb6 12. O-O Ng7 13. b4 Bf5 14. b5 O-O 15. bxc6 bxc6 16. e4 dxe4 17. Bxe4 Rac8 18. Rfe1 Rfe8 19. Ng3 Bxe4 20. Rxe4 Ne6 21. Rbe1 Nd5 22. Nce2 Nf6 23. Rh4 Nd5 24. Rg4 Kh8 25. Re4 Nf6 26. Re3 Nd5 27. Re5 Qb4 28. Rd1 Qa3 29. Qd2 Rb8 30. h4 f6 31. Re4 f5 32. Re5 f4 33. Ne4 f3 34. N2c3 fxg2 35. Kxg2 Nef4+ 36. Kh1 Rxe5 37. dxe5 Qe7 38. Ng5 Rf8 39. Nxd5 cxd5 40. e6 h6 41. Nf3 Qxe6 42. Qc3+ Kg8 43. Nd4 Qg4 0-1

[Event "FIDE Womens World Cup 2021"]
[Site "Sochi"]
[Date "2021.07.13"]
[Round "1.2"]
[White "February, Jesse Nikki"]
[Black "Gunina, Valentina"]
[Result "1/2-1/2"]
[ECO "B13"]
[WhiteElo "1863"]
[BlackElo "2437"]
[Annotator "NA"]
[PlyCount "61"]
[EventDate "2021.07.12"]
[EventType "k.o."]
[EventCountry "RUS"]
[SourceTitle "playchess.com"]
[Source "ChessBase"]
[SourceQuality "1"]
[TimeControl "40/5400+30:1800+30"]

1. e4 c6 2. d4 d5 3. exd5 cxd5 4. Bd3 Nf6 5. h3 Nc6 6. c3 e5 7. dxe5 Nxe5 8. Qe2 Ne4 9. Bb5+ Bd7 10. Bxd7+ Kxd7 11. Nf3 Nxf3+ 12. Qxf3 Qf6 13. Qxf6 gxf6 14. Be3 Re8 15. O-O Rg8 16. Rd1 Kc6 17. Nd2 Ng5 18. Kf1 b6 19. Nb3 Bc5 20. Nd4+ Bxd4 21. Rxd4 Ne4 22. Rad1 Re5 23. c4 dxc4 24. Rxc4+ Kb5 25. Rdd4 Rge8 26. Rb4+ Kc6 27. Rbc4+ Kb5 28. Rb4+ Kc6 29. Rbc4+ Kb5 30. Rb4+ Kc6 31. Rbc4+ 1/2-1/2